 Dungeon Crawl Stone Soup version 0.20.1-1-g8b1a95d (webtiles) character file.

45 darkhara the Firebug (level 3, 0/26 HPs)
             Began as a Demigod Fire Elementalist on Sept 6, 2017.
             Slain by an adder (1 damage)
             ... on level 3 of the Dungeon.
             The game lasted 00:05:43 (1207 turns).

darkhara the Firebug (Demigod Fire Elementalist)    Turns: 1207, Time: 00:05:44

Health: 0/26       AC:  2    Str: 11    XL:     3   Next: 25%
Magic:  4/9        EV: 13    Int: 21    God:
Gold:   62         SH:  2    Dex: 16    Spells: 3/6 levels left

rFire    . . .     SeeInvis .   l - +0 spear
rCold    . . .     Gourm    .   (no shield)
rNeg     . . .     Faith    .   a - +0 robe
rPois    .         Spirit   .   (no helmet)
rElec    .         Reflect  +   (no cloak)
rCorr    .         Harm     .   (no gloves)
MR       .....                  (no boots)
Stlth    ++........             d - +2 amulet of reflection
Regen    0.1/turn               (no ring)
MPRegen  0.2/turn               (no ring)

@: about to teleport
A: high mp 1
a: no special abilities


You were on level 3 of the Dungeon.
You were not hungry.

You visited 1 branch of the dungeon, and saw 3 of its levels.

You collected 62 gold pieces.

Inventory:

Hand Weapons
 l - a +0 spear (weapon)
Armour
 a - a +0 robe (worn)
 i - a +0 leather armour
Jewellery
 d - a +2 amulet of reflection (around neck)
Scrolls
 e - a scroll of fear {unknown}
 f - 3 scrolls of identify {unknown}
 g - a scroll of enchant armour {unknown}
 k - a scroll of blinking {unknown}
 m - 3 scrolls of recharging {unknown}
Books
 b - a book of Flames

   Spells                             Type                      Level
   a - Flame Tongue                   Conjuration/Fire             1
   b - Throw Flame                    Conjuration/Fire             2
   c - Conjure Flame                  Conjuration/Fire             3
   d - Inner Flame                    Hexes/Fire                   3
   e - Sticky Flame                   Conjuration/Fire             4
   f - Fireball                       Conjuration/Fire             5
Comestibles
 c - a bread ration
 h - 3 fruits
 j - 2 meat rations
 n - a royal jelly


   Skills:
 + Level 2.0 Dodging
 + Level 2.0 Stealth
 + Level 2.3 Spellcasting
 + Level 1.1 Conjurations
 + Level 3.3 Fire Magic


You had 3 spell levels left.
You knew the following spells:

 Your Spells              Type           Power        Failure   Level  Hunger
a - Flame Tongue          Conj/Fire      ##...        6%          1    #......
b - Throw Flame           Conj/Fire      ##....       9%          2    ##.....


Dungeon Overview and Level Annotations

Branches:
Dungeon (3/15)


Innate Abilities, Weirdness & Mutations

You have an increased reservoir of magic. (+10% MP)


Message History

The adder misses you.
The giant cockroach bites you but does no damage.
The adder bites you.
* * * LOW HITPOINT WARNING * * *
The giant cockroach bites you.
* * * LOW HITPOINT WARNING * * *
The giant cockroach closely misses you. The orc barely misses you.
The orc barely misses you.
You see here a scroll of teleportation.
The adder closely misses you. You block the adder's attack. The orc misses you.
The adder bites you but does no damage.
You see here a scroll of teleportation.
o - a scroll of teleportation The orc closely misses you.
The adder bites you but does no damage. The giant cockroach bites you.
* * * LOW HITPOINT WARNING * * *
There are no items here.
As you read the scroll of teleportation, it crumbles to dust.
You feel strangely unstable. The adder bites you.
You die...

###########
#.........#
#.........#
#....s....#
#....S@...#
#....o....#
##.........#
##..).......#
#.$........##
#....<...%.#
..!....[...?.#
......?......#
.##..........#


You could see an adder, an orc and a giant cockroach.

Vanquished Creatures
  An adder (D:2)
  A worm (D:2)
  2 dart slugs
  A leopard gecko (D:1)
  An orc (D:3)
  3 bats (D:1)
  6 goblins
  2 hobgoblins
  2 frilled lizards (D:1)
  3 kobolds (D:1)
  6 rats
28 creatures vanquished.

Notes
Turn   | Place    | Note
-------+----------+-------------------------------------------
     0 | D:1      | darkhara the Demigod Fire Elementalist began the quest for the Orb.
     0 | D:1      | Reached XP level 1. HP: 14/14 MP: 5/5
   113 | D:1      | Reached skill level 3 in Fire Magic
   158 | D:1      | Reached XP level 2. HP: 1/20 MP: 1/7
   464 | D:1      | Learned a level 2 spell: Throw Flame
   812 | D:2      | Reached skill level 1 in Conjurations
   824 | D:2      | Reached XP level 3. HP: 14/26 MP: 2/8
  1206 | D:3      | HP: 1/26 [giant cockroach (2)]
  1207 | D:3      | Slain by an adder

Skill      XL: |  1  2 |
---------------+-------+-----
Fire Magic     | 3 |  3.3
Spellcasting   | 2 |  2.3
Stealth        | 2 |  2.0
Dodging        | 2 |  2.0
Conjurations   | 1 |  1.1

Action                   || total
-------------------------++-------
Melee: Unarmed           ||     5
       Spear             ||    10
 Cast: Flame Tongue      ||    54
  Use: Scroll            ||     2
       Potion            ||     3
  Eat: Fruit             ||     1
Armor: Robe              ||    16
Dodge: Dodged            ||    58
Block: Other             ||     3
